 Dungeon Crawl Stone Soup version bcrawl-1.36 (webtiles) character file.

Game seed: 9185060183354153852

483812 Lazarus1551 the Eclecticist (level 16, -5/130 HPs)
             Began as an Oni Wanderer on May 15, 2022.
             Was the Champion of Okawaru.
             Killed from afar by a bog body (31 damage)
             ... with a bolt of cold
             ... on level 1 of the Swamp on May 16, 2022.
             The game lasted 01:38:51 (24672 turns).

Lazarus1551 the Eclecticist (Oni Wanderer)         Turns: 24672, Time: 01:38:52

Health: -5/130     AC: 23    Str: 25    XL:     16   Next: 15%
Magic:  39/47      EV: 13    Int: 17    God:    Okawaru [******]
Gold:   2127       SH:  0    Dex:  7    Spells: 7/47 levels left

rFire    + + +     SeeInvis +   U - +6 broad axe of Defiance {chop, Fragile rPois rF+++ MR++ Int-4}
rCold    x . .     Gourm    .   (no shield)
rNeg     . . .     Faith    .   C - quicksilver dragon scales of the Swamp {MR+ Str+6}
rPois    +         Spirit   .   V - +2 hat {Int+3}
rElec    .         Reflect  .   o - scarf {repulsion}
rCorr    .         Rnd*Tele +   M - +2 pair of gloves {archery}
MR       +++++                  X - +2 pair of boots of Resilience {rPois rC- MP+9 Dex-3 SInv}
Stlth    +.........             (no amulet)
HPRegen  0.31/turn              x - ring of wizardry
MPRegen  0.30/turn              f - ring of wizardry

@: very slightly contaminated, studying Long Blades, repel missiles
A: oni magic, claws 1, fangs 1, horns 1, talons 1, iridescent scales 1, blurry
vision 1, magic resistance 2, teleportitis 1, no potion heal 1
a: Heroism, Finesse, Renounce Religion


You were on level 1 of the Swamp.
You worshipped Okawaru.
Okawaru was exalted by your worship.
You were near starving.

You visited 5 branches of the dungeon, and saw 21 of its levels.
You also visited: Sewer and Volcano.

You collected 2516 gold pieces.
You spent 389 gold pieces at shops.

Inventory:

Hand Weapons
 I - a +5 scimitar
 L - the +2 dagger of Par Bawu {pierce, *Slow rF++ Str+10 Stlth-}
   (You found it on level 6 of the Dungeon)

   It will always inflict at least some extra damage.
   This minimum extra damage increases with your current reserve of magical
   power.
   It affects your strength (+10).
   It greatly protects you from fire.
   It may slow you when you take damage.
   It makes you less stealthy.
 U - the +6 broad axe of Defiance (weapon) {chop, Fragile rPois rF+++ MR++ Int-4}
   (Okawaru gifted it to you in a volcano)

   It will always inflict at least some extra damage.
   This minimum extra damage increases with your current reserve of magical
   power.
   It affects your intelligence (-4).
   It renders you almost immune to fire.
   It protects you from poison.
   It affects your resistance to hostile enchantments.
   It will be destroyed if unequipped.
Missiles
 i - a throwing net {=f}
 S - 803 poisoned tomahawks (quivered)
Armour
 o - a scarf of repulsion (worn)
 B - the +2 robe of Gubrysez {rN+}
   (You found it on level 4 of the Dungeon)

   It protects you from negative energy.
 C - the quicksilver dragon scales of the Swamp (worn) {MR+ Str+6}
   (You found it on level 6 of the Lair of Beasts)

   It affects your strength (+6).
   It affects your resistance to hostile enchantments.
 H - the +1 ring mail of Incorporation {MP+9}
   (You found it on level 6 of the Dungeon)

   It affects your magic capacity (+9).
 M - a +2 pair of gloves of archery (worn)
 V - a +2 hat of intelligence (worn)
 X - the +2 pair of boots of Resilience (worn) {rPois rC- MP+9 Dex-3 SInv}
   (Okawaru gifted it to you on level 1 of the Lair of Beasts)

   It affects your dexterity (-3).
   It makes you vulnerable to cold.
   It protects you from poison.
   It affects your magic capacity (+9).
   It lets you see invisible.
 Z - a +8 plate armour of ponderousness
Magical Staves
 W - an uncursed staff of cold {unknown}
Jewellery
 f - a ring of wizardry (right hand)
 v - an uncursed ring of poison resistance
 x - a ring of wizardry (left hand)
Wands
 a - a wand of disintegration (10)
 h - a wand of random effects (9)
 r - a wand of paralysis (16)
 A - a wand of acid (9)
 E - a wand of iceblast (10)
 G - a wand of polymorph (20)
 O - a wand of flame (40)
Scrolls
 c - 3 scrolls of enchant weapon
 d - 8 scrolls of teleportation
 k - 4 scrolls of noise
 l - 4 scrolls of enchant armour
 m - 5 scrolls of remove curse
 p - a scroll of fear
 s - 2 scrolls of magic mapping {unknown}
 t - 3 scrolls of immolation
 u - a scroll of torment
 w - 5 scrolls of amnesia
 D - 3 scrolls of fog
 N - a scroll of silence
 T - 2 scrolls of vulnerability {unknown}
Potions
 b - 3 potions of might
 g - 5 potions of flight
 j - 11 potions of curing
 n - 2 potions of berserk rage {unknown}
 q - a potion of ambrosia
 z - 4 potions of agility
 F - 3 potions of haste
 J - 2 potions of lignification
 P - 2 potions of magic {unknown}
 Q - 2 potions of resistance {unknown}
 R - 2 potions of mutation
 Y - 2 potions of heal wounds
Miscellaneous
 y - a phantom mirror
 K - a lightning rod (4/4)
Comestibles
 e - 25 rations {!d}


   Skills:
 + Level 8.9 Fighting
 - Level 3.4(3.5) Axes
   Level 0.4(2.2) Polearms
 + Level 1.4 Throwing
 - Level 9.0 Armour
 + Level 7.5 Dodging
 - Level 1.0 Stealth
   Level 1.0 Shields
 * Level 16.3 Spellcasting
   Level 16.3 Conjurations
   Level 16.3 Hexes
   Level 16.3 Charms
   Level 16.3 Summonings
   Level 16.3 Necromancy
   Level 16.3 Translocations
   Level 16.3 Transmutations
   Level 16.3 Fire Magic
   Level 16.3 Ice Magic
   Level 16.3 Air Magic
   Level 16.3 Earth Magic
   Level 16.3 Poison Magic
 * Level 3.9 Invocations
 + Level 1.7 Evocations


You had 7 spell levels left.
You knew the following spells:

 Your Spells              Type           Power        Failure   Level  Hunger
a - Magic Dart            Conj           ####         0%          1    None
b - Beastly Appendage     Tmut           ######       0%          1    None
c - Mephitic Cloud        Conj/Pois/Air  ######..     1%          3    None
d - Fulminant Prism       Conj/Hex       ######....   1%          4    None
e - Call Imp              Summ           ######       0%          2    None
f - Blink                 Tloc           N/A          0%          2    None
g - Venom Bolt            Conj/Pois      ######....   1%          5    None
h - Animate Dead          Necr           N/A          1%          4    None
i - Ensorcelled Hibernat  Hex/Ice        ######       0%          2    None
j - Summon Forest         Summ/Tloc      ######....   1%          5    None
k - Irradiate             Conj/Tmut      ######....   1%          5    None
l - Infestation           Hex/Tmut/Pois  ######...    1%          6    ##.....

Your spell library contained the following spells:

 Spells                   Type           Power        Failure   Level  Hunger
 Conjure Flame            Conj/Fire      ######..     0%          3    None
 Spider Form              Tmut/Pois      ###          0%          3    None


Dungeon Overview and Level Annotations

Branches:
Dungeon (12/12)            Temple (1/1) D:7            Lair (6/6) D:7
  Swamp (1/3) Lair:2        Snake (0/3) Lair:4        Slime (0/5) Lair:6
    Orc (1/1) D:10            Elf (0/3) Orc          Vaults (0/3) D:12
 Depths (0/5) D:12

Altars:
Ashenzari
Cheibriados
Dithmenos
Elyvilon
Fedhas
Gozag
Hepliaklqana
Kikubaaqudgha
Lugonu
Makhleb
Nemelex Xobeh
Okawaru
Qazlal
Ru
Sif Muna
Trog
Uskayaw
Vehumet
Wu Jian
Xom
Yredelemnul
Zin
The Shining One
Beogh
Jiyva

Shops:
D:11 (   Orc !*!!!

Annotations:
D:5 1 runed translucent door, tronn's ghost, amateur DrSk
D:8 3 runed translucent doors, tronn's ghost, novice GnSA


Innate Abilities, Weirdness & Mutations

You learn spells by gaining experience, not through books or religion.
You only train spellcasting to practice magic.
You have sharp fingernails.
You have very sharp teeth.
You have a pair of small horns on your head.
You have sharp toenails.
You are partially covered in iridescent scales. (AC +2)
Scrolls take you a little longer to read.
You are highly resistant to hostile enchantments. (MR++)
You are occasionally teleported next to monsters.
Potions are less effective at restoring your health.


Message History

Press: ? - help, Dir - move target cursor You conjure a prism of explosive energy!
A slime creature comes into view. x2
Your fulminant prism crackles loudly.
The slime creature closely misses you.
A bog body comes into view.
Your fulminant prism explodes!
The blast of energy engulfs the slime creature!!
The slime creature is heavily wounded.
The blast of energy engulfs the slime creature!!
The slime creature is severely wounded.
The blast of energy engulfs the slime creature!!!
The slime creature is almost dead.
The blast of energy engulfs the slime creature!!
The slime creature is severely wounded.
Really read with blurry vision while enemies are nearby?
Okay, then.
The bog body points at you and mumbles some strange words.
You feel a terrible chill! The bolt of cold hits you!!
You die...

♣..≈♣♣.≈≈≈≈≈≈.≈≈♣♣♣≈≈.♣
♣≈≈≈..≈≈≈≈≈≈≈≈≈.♣♣...§.
♣♣≈.≈.§≈≈≈≈≈≈≈≈.♣♣≈≈.♣♣
♣≈J..J≈≈≈≈..≈≈≈≈≈.≈≈≈.♣
♣♣♣.≈.≈≈≈≈≈.>.≈≈≈≈...<..§
.≈......≈≈≈..≈≈≈≈....♣♣.≈
...n..≈.JJ≈≈≈≈≈≈≈≈...♣♣ ≈
.≈≈.○○○..J≈≈≈≈≈≈≈§...♣♣♣.
.≈≈≈≈≈≈..@≈≈≈≈≈≈≈.≈≈≈...≈♣
.≈≈≈≈≈≈..♣.≈≈.≈≈.≈.≈≈...♣♣
≈≈≈..§≈≈♣♣...≈≈..≈≈....♣
.......♣♣♣...≈.≈≈≈....♣♣
..≈♣..≈♣......≈≈≈≈≈..♣♣
..♣♣♣♣..≈≈≈...≈≈≈≈..≈≈. ..
♣♣.≈≈≈...≈≈≈...≈≈≈.
♣.≈≈≈≈≈≈≈..♣♣♣.≈≈≈
♣♣≈...≈≈..♣♣ .≈≈


You could see 5 slime creatures and a bog body.

Vanquished Creatures
  A deep elf master archer (D:11)
  A stone giant (D:12)
  A merfolk javelineer (D:11)
  Josephine (Lair:5)
  4 vault guards (D:12)
  A rakshasa (D:12)
  10 hydras
  A death knight (D:8)
  13 two-headed ogres
  3 centaur warriors
  A sea snake (Lair:6)
  An alligator (Lair:3)
  3 tengu warriors
  5 death yaks (Lair:1)
  3 ogre magi
  A fire crab (shapeshifter) (D:12)
  An obsidian statue (D:9)
  8 orc knights
  2 cyclopes
  2 orc sorcerers
  An ugly thing (D:10)
  2 manticores
  A salamander (shapeshifter) (D:12)
  5 elephants
  3 oklob plants
  A deep elf mage (D:12)
  14 slime creatures
  4 black mambas
  14 cane toads
  A water nymph (shapeshifter) (D:12)
  2 centaur skeletons
  A gargoyle (D:9)
  A rime drake (Lair:6)
  A yaktaur (shapeshifter) (D:12)
  9 komodo dragons
  A freezing wraith (D:12)
  2 eyes of draining
  A yaktaur (D:12)
  A dryad (D:7)
  Maurice (D:9)
  4 merfolk (D:11)
  A tengu conjurer (D:12)
  2 polar bears
  A troll (D:7)
  A wind drake (Lair:6)
  A harpy skeleton (D:12)
  3 hornets
  16 blink frogs
  4 dream sheep (Lair:4)
  2 bog bodies (Swamp:1)
  4 hippogriffs
  2 shadows
  A centaur simulacrum (D:9)
  4 wyverns
  A spriggan (D:8)
  4 wraiths
  37 yaks
  A basilisk (Lair:6)
  4 nagas (Lair:4)
  11 crocodiles
  10 wargs (Orc)
  3 swamp worms (Swamp:1)
  8 water moccasins
  7 porcupines
  32 orc warriors
  A black bear (shapeshifter) (D:11)
  2 sky beasts
  A soldier ant (shapeshifter) (D:12)
  2 ice beasts
  2 phantoms (D:6)
  5 boggarts (D:12)
  8 ogres
  10 centaurs
  18 wolves
  22 bullfrogs
  A water moccasin zombie (D:7)
  5 scorpions
  5 killer bees (D:9)
  A statue (D:7)
  7 wights
  5 howler monkeys
  2 electric eels
  5 orc priests
  8 centaur zombies
  2 quasits
  A bullfrog zombie (D:5)
  2 bullfrog skeletons
  6 hounds
  5 jellies
  13 orc wizards
  Ijyb (D:5)
  10 worker ants
  2 merfolk sirens (Sewer)
  12 hell rats
  A merfolk avatar (Sewer)
  A hound skeleton (D:6)
  A worker ant zombie (D:6)
  2 gnolls
  A howler monkey skeleton (D:6)
  17 adders
  10 river rats
  3 shadow imps
  5 oozes
  2 adder skeletons
  2 worms (D:2)
  2 dart slugs
  5 leopard geckos
  55 orcs
  9 giant cockroaches
  5 goblins (D:1)
  9 hobgoblins
  16 jackals
  6 kobolds
  17 quokkas
  4 ball pythons (Sewer)
  8 bats
  9 frilled lizards
  45 rats
  3 fungi
  8 plants
703 creatures vanquished.

Vanquished Creatures (collateral kills)
  A merfolk avatar (Lair:6)
  A death yak (Lair:1)
  A harpy (Lair:6)
  A centaur zombie (D:10)
  5 elephants (Lair:6)
  2 centaur skeletons
  3 cane toads (Lair:6)
  2 rime drakes
  2 komodo dragons
  2 wind drakes (Lair:6)
  A hornet (Lair:6)
  A hippogriff (Lair:6)
  2 slime creatures (D:9)
  A yak (D:11)
  A hungry ghost (D:8)
  4 crocodiles
  3 water moccasins
  A porcupine (Lair:1)
  An ice beast (D:7)
  A phantom (D:11)
  A bullfrog (D:11)
  A wight (D:7)
  2 electric eels
  2 bullfrog zombies
  A crimson imp (D:7)
  A jelly (Lair:6)
  A river rat (Lair:1)
  A butterfly (Lair:3)
  A plant (Lair:6)
47 creatures vanquished.

Vanquished Creatures (others)
  A worker ant zombie (D:10)
  199 fulminant prisms
  4 fungi
  17 plants
  A snaplasher vine (Lair:6)
222 creatures vanquished.

Grand Total: 972 creatures vanquished

Notes
Turn   | Place    | Note
-------+----------+-------------------------------------------
     0 | D:1      | Lazarus1551 the Oni Wanderer began the quest for the Orb.
     0 | D:1      | Lazarus1551 set off with the following items: a +2 dagger,
                  | a potion of might, a scroll of teleportation, a ration
                  | {!d}, a +0 animal skin; and the following spell memorised:
                  | Magic Dart; and the following spells available to memorise:
                  | Blink, Call Imp, Conjure Flame, Mephitic Cloud, Spider Form
     0 | D:1      | Reached XP level 1. HP: 16/16 MP: 7/7
    94 | D:1      | Reached XP level 2. HP: 23/23 MP: 5/8
   103 | D:1      | Learned a level 1 spell: Beastly Appendage
   115 | D:1      | Reached skill level 4 in Spellcasting
   454 | D:1      | Found a bloodstained altar of Trog.
   526 | D:1      | Reached XP level 3. HP: 23/28 MP: 7/10
  1124 | D:2      | Found a snail-covered altar of Cheibriados.
  1125 | D:2      | Found a glowing golden altar of the Shining One.
  1133 | D:2      | Found a stormy altar of Qazlal.
  1439 | D:2      | Reached XP level 4. HP: 35/35 MP: 6/12
  1864 | D:2      | Learned a level 3 spell: Mephitic Cloud
  2185 | D:3      | Reached XP level 5. HP: 38/40 MP: 14/14
  2229 | D:3      | Reached skill level 5 in Spellcasting
  2700 | D:3      | Reached XP level 6. HP: 34/47 MP: 4/16
  2724 | D:3      | Learned a level 4 spell: Fulminant Prism
  2908 | D:3      | Learned a level 2 spell: Call Imp
  2911 | D:3      | Learned a level 2 spell: Blink
  3570 | D:4      | Reached skill level 1 in Dodging
  3685 | D:4      | Got a heavy robe
  3770 | D:5      | Entered Level 5 of the Dungeon
  3974 | D:5      | Reached XP level 7. HP: 27/52 MP: 11/17
  3977 | D:5      | Reached skill level 6 in Spellcasting
  4468 | D:5      | Noticed Ijyb
  4471 | D:5      | Reached XP level 8. HP: 34/60 MP: 11/20
  4473 | D:5      | Killed Ijyb
  4754 | D:5      | Reached skill level 7 in Spellcasting
  4878 | D:5      | Found a runed translucent door.
  4879 | D:5      | Noticed tronn's ghost (amateur DrSk)
  5111 | D:6      | Found a glowing drain.
  5127 | Sewer    | Entered a sewer
  5785 | D:6      | Identified the +2 robe of Gubrysez {rN+} (You found it on
                  | level 4 of the Dungeon)
  6025 | D:6      | Reached XP level 9. HP: 22/68 MP: 19/22
  6234 | D:6      | Got a brightly glowing ring mail
  6284 | D:6      | Got a buzzing dagger
  6321 | D:6      | Identified the cursed +2 dagger of Par Bawu {pierce, *Slow
                  | rF++ Str+10 Stlth-} (You found it on level 6 of the
                  | Dungeon)
  6367 | D:6      | Reached skill level 8 in Spellcasting
  6666 | D:7      | Noticed a troll
  6845 | D:6      | Identified the +1 ring mail of Incorporation {MP+9} (You
                  | found it on level 6 of the Dungeon)
  6917 | D:7      | Reached skill level 9 in Spellcasting
  6927 | D:7      | Killed a troll
  6928 | D:7      | Reached XP level 10. HP: 27/77 MP: 9/25
  6951 | D:7      | Learned a level 5 spell: Venom Bolt
  6963 | D:7      | Learned a level 4 spell: Animate Dead
  7020 | D:7      | Noticed an elephant
  7168 | D:7      | Found a staircase to the Ecumenical Temple.
  7182 | D:7      | Killed an elephant
  7339 | Temple   | Entered the Ecumenical Temple
  7399 | Temple   | Became a worshipper of Warmaster Okawaru
  7463 | D:7      | Found a sparkling altar of Nemelex Xobeh.
  7519 | D:7      | Found a staircase to the Lair.
  7536 | D:7      | Reached skill level 10 in Spellcasting
  7562 | D:7      | Found a blossoming altar of Fedhas.
  7836 | D:7      | Learned a level 2 spell: Ensorcelled Hibernation
  7957 | D:8      | Found a runed translucent gate.
  7958 | D:8      | Found a runed translucent gate.
  7958 | D:8      | Found an opulent altar of Gozag.
  7960 | D:8      | Found a runed translucent gate.
  8011 | D:8      | Noticed tronn's ghost (novice GnSA)
  8040 | D:8      | Reached * piety under Okawaru
  8118 | D:8      | Reached skill level 5 in Armour
  8140 | D:8      | Noticed a death knight
  8164 | D:8      | Killed a death knight
  8164 | D:8      | Reached ** piety under Okawaru
  8165 | D:8      | Reached XP level 11. HP: 34/84 MP: 0/27
  8994 | D:9      | Noticed Maurice
  9015 | D:9      | Killed Maurice
  9016 | D:9      | Reached skill level 11 in Spellcasting
  9047 | D:9      | Reached *** piety under Okawaru
  9161 | D:9      | Noticed an obsidian statue
  9171 | D:9      | Was placed under penance by Okawaru
  9337 | D:9      | Killed an obsidian statue
  9411 | D:9      | Noticed a cyclops
  9414 | D:9      | Killed a cyclops
  9831 | D:9      | Found a burning altar of Makhleb.
  9833 | D:9      | Found a shimmering blue altar of Sif Muna.
  9837 | D:9      | Found a corrupted altar of Lugonu.
  9840 | D:9      | Found a shattered altar of Ashenzari.
  9840 | D:9      | Found a shadowy altar of Dithmenos.
  9840 | D:9      | Found a bloodstained altar of Trog.
  9979 | D:10     | Entered Level 10 of the Dungeon
 10003 | D:10     | Was forgiven by Okawaru
 10673 | D:10     | Reached XP level 12. HP: 93/93 MP: 29/29
 11018 | D:10     | Reached skill level 5 in Fighting
 11018 | D:10     | Reached skill level 12 in Spellcasting
 11278 | D:10     | Noticed a seven-headed hydra
 11291 | D:10     | Killed a seven-headed hydra
 11398 | D:10     | Found a staircase to the Orcish Mines.
 11525 | D:10     | Learned a level 5 spell: Summon Forest
 11560 | D:11     | Noticed an ogre mage
 11560 | D:11     | Noticed a two-headed ogre
 11560 | D:11     | Noticed a two-headed ogre
 11562 | D:11     | Noticed a two-headed ogre
 11563 | D:11     | Killed a two-headed ogre
 11564 | D:11     | Killed a two-headed ogre
 11564 | D:11     | Reached **** piety under Okawaru
 11564 | D:11     | Killed an ogre mage
 11564 | D:11     | Noticed a two-headed ogre
 11565 | D:11     | Reached skill level 5 in Dodging
 11567 | D:11     | Killed a two-headed ogre
 11567 | D:11     | Reached ***** piety under Okawaru
 11567 | D:11     | Killed a two-headed ogre
 11806 | D:11     | Found Vowky's Antique Weapon Shoppe.
 12690 | D:11     | Reached skill level 13 in Spellcasting
 12814 | D:11     | Found a white marble altar of Elyvilon.
 12816 | D:11     | Found an iron altar of Okawaru.
 12816 | D:11     | Found a blossoming altar of Fedhas.
 12819 | D:11     | Found a shimmering altar of Xom.
 12819 | D:11     | Found an ancient bone altar of Kikubaaqudgha.
 12819 | D:11     | Found a radiant altar of Vehumet.
 12860 | D:12     | Entered Level 12 of the Dungeon
 12905 | D:12     | Noticed an ogre mage
 12907 | D:12     | Noticed a two-headed ogre
 12907 | D:12     | Noticed a two-headed ogre
 12908 | D:12     | Was placed under penance by Okawaru
 12912 | D:12     | Reached XP level 13. HP: 101/101 MP: 32/32
 12925 | D:12     | Noticed a stone giant
 12928 | D:12     | Noticed a vault guard
 12930 | D:12     | Noticed a vault guard
 13024 | D:11     | Noticed a merfolk javelineer
 13041 | D:11     | Killed a merfolk javelineer
 13227 | D:11     | Noticed a deep elf master archer
 13232 | D:11     | Killed a deep elf master archer
 13405 | D:12     | Noticed a vault guard
 13547 | Lair:1   | Entered Level 1 of the Lair of Beasts
 13580 | Lair:1   | Found a dark tunnel.
 13585 | Volcano  | Entered a volcano
 13656 | Volcano  | Was forgiven by Okawaru
 13657 | Volcano  | Reached skill level 1 in Evocations
 13669 | Volcano  | Received a gift from Okawaru
 13673 | Volcano  | Got a fading broad axe {god gift}
 13934 | Lair:1   | Reached skill level 14 in Spellcasting
 14117 | Lair:1   | Received a gift from Okawaru
 14124 | Lair:1   | Got a pair of crude boots {god gift}
 15162 | Lair:2   | Found a staircase to the Swamp.
 15199 | Lair:2   | Identified the +2 pair of boots of Resilience {rPois rC-
                  | MP+9 Dex-3 SInv} (Okawaru gifted it to you on level 1 of
                  | the Lair of Beasts)
 15199 | Lair:2   | Identified the +6 broad axe of Defiance {chop, Fragile
                  | rPois rF+++ MR++ Int-4} (Okawaru gifted it to you in a
                  | volcano)
 15255 | Lair:2   | Found a burning altar of Makhleb.
 15392 | Lair:2   | Was placed under penance by Okawaru
 15396 | Lair:2   | Reached XP level 14. HP: 44/111 MP: 34/34
 15426 | Lair:2   | Gained mutation: You have sharp toenails. [potion of
                  | mutation]
 15426 | Lair:2   | Gained mutation: Potions are less effective at restoring
                  | your health. [potion of mutation]
 15426 | Lair:2   | Gained mutation: You are resistant to hostile enchantments.
                  | (MR+) [potion of mutation]
 15426 | Lair:2   | Gained mutation: You are highly resistant to hostile
                  | enchantments. (MR++) [potion of mutation]
 15630 | Lair:2   | Learned a level 5 spell: Irradiate
 15697 | Lair:2   | Reached skill level 1 in Axes
 15938 | Lair:2   | Was forgiven by Okawaru
 17782 | Lair:4   | Found a staircase to the Snake Pit.
 18272 | Lair:4   | Found a stormy altar of Qazlal.
 18516 | Lair:5   | Noticed Josephine
 18753 | Lair:5   | Killed Josephine
 18753 | Lair:5   | Reached ****** piety under Okawaru
 18925 | Lair:5   | Received a gift from Okawaru
 18926 | Lair:5   | Reached skill level 15 in Spellcasting
 19700 | Lair:6   | Entered Level 6 of the Lair of Beasts
 19764 | Lair:6   | Gained mutation: You are occasionally teleported next to
                  | monsters. [mutagenic glow]
 20058 | Lair:6   | Reached XP level 15. HP: 37/119 MP: 36/36
 20070 | Lair:6   | HP: 1/119 [wind drake/the air (17)]
 20139 | Lair:6   | Gained mutation: You are partially covered in iridescent
                  | scales. (AC +2) [mutagenic glow]
 20399 | Lair:6   | Found a viscous altar of Jiyva.
 20404 | Lair:6   | Found a staircase to the Slime Pits.
 20409 | Lair:6   | Found a viscous altar of Jiyva.
 20638 | Lair:6   | Received a gift from Okawaru
 20834 | Lair:6   | Got fading quicksilver dragon scales
 20854 | Lair:6   | Identified the quicksilver dragon scales of the Swamp {MR+
                  | Str+6} (You found it on level 6 of the Lair of Beasts)
 21475 | D:12     | Gained mutation: Scrolls take you a little longer to read.
                  | [mutagenic glow]
 21784 | D:12     | Reached skill level 1 in Invocations
 21900 | D:12     | Received a gift from Okawaru
 21997 | D:12     | Found a gate to the Vaults.
 22563 | D:12     | Reached skill level 16 in Spellcasting
 23000 | D:12     | Found a staircase to the Depths.
 23316 | Orc      | Entered the Orcish Mines
 23321 | Orc      | Found Wotzisosh's Distillery.
 23366 | Orc      | Bought a potion of degeneration for 13 gold pieces
 23382 | Orc      | Bought a potion of curing for 32 gold pieces
 23382 | Orc      | Bought a potion of curing for 32 gold pieces
 23382 | Orc      | Bought 2 potions of curing for 65 gold pieces
 23382 | Orc      | Bought a potion of curing for 32 gold pieces
 23398 | Orc      | Found a staircase to the Elven Halls.
 23555 | Orc      | Reached XP level 16. HP: 92/129 MP: 8/38
 23685 | Orc      | Reached skill level 1 in Throwing
 23975 | Orc      | Found a roughly hewn altar of Beogh.
 24004 | Orc      | Found Nuasojil's Distillery.
 24004 | Orc      | Found Zeisch's Distillery.
 24010 | Orc      | Bought a potion of heal wounds for 65 gold pieces
 24028 | Orc      | Bought a potion of heal wounds for 85 gold pieces
 24249 | Orc      | Found Ulaje's Distillery.
 24249 | Orc      | Found Sutix's General Store.
 24256 | Orc      | Bought 2 potions of curing for 65 gold pieces
 24391 | Orc      | Learned a level 6 spell: Infestation
 24527 | Swamp:1  | Entered Level 1 of the Swamp
 24672 | Swamp:1  | Killed from afar by a bog body

Skill      XL: |  1  2  3  4  5  6  7  8  9 10 11 12 13 14 15 16 |
---------------+-------------------------------------------------+-----
Spellcasting   | 4 5 6 7 9 10 11 13 14 15 16 | 16.3
Armour         | 2 3 4 5 6 7 8 9 |  9.0
Dodging        | 1 3 4 5 6 7 |  7.5
Fighting       | 2 3 4 5 6 7 8 |  8.9
Evocations     | 1 |  1.7
Axes           | 3 |  3.4
Invocations    | 3 |  3.9
Throwing       | 1 |  1.4
Polearms       | |  0.4
Stealth        | |  1.0
Shields        | |  1.0
Conjurations   | | 16.3
Hexes          | | 16.3
Charms         | | 16.3
Summonings     | | 16.3
Necromancy     | | 16.3
Translocations | | 16.3
Transmutations | | 16.3
Fire Magic     | | 16.3
Ice Magic      | | 16.3
Air Magic      | | 16.3
Earth Magic    | | 16.3
Poison Magic   | | 16.3

Action                   |  1- 3 |  4- 6 |  7- 9 | 10-12 | 13-15 | 16-18 || total
-------------------------+-------+-------+-------+-------+-------+-------++-------
Melee: Dagger            |    13 |    61 |    48 |   286 |    49 |       ||   457
       Headbutt          |     1 |    16 |    23 |    84 |    60 |    20 ||   204
       Kick              |       |    10 |     9 |       |     1 |       ||    20
       Bite              |       |     3 |     7 |    40 |    28 |     3 ||    81
       Trident           |       |       |    71 |       |       |       ||    71
       Broad axe         |       |       |       |       |   289 |    93 ||   382
       Punch             |       |       |       |       |     2 |       ||     2
Throw: Stone             |       |       |       |     3 |     1 |       ||     4
       Tomahawk          |       |       |       |       |    15 |    14 ||    29
 Cast: Magic Dart        |    77 |   112 |   127 |    32 |    31 |       ||   379
       Beastly Appendage |       |    11 |     8 |       |     1 |       ||    20
       Mephitic Cloud    |       |     2 |     1 |     1 |     3 |       ||     7
       Fulminant Prism   |       |     1 |    20 |    59 |   113 |     6 ||   199
       Call Imp          |       |       |     9 |    28 |     5 |       ||    42
       Venom Bolt        |       |       |       |    72 |   139 |    19 ||   230
       Animate Dead      |       |       |       |     8 |    18 |       ||    26
       Ensorcelled Hiber |       |       |       |     2 |     8 |       ||    10
       Blink             |       |       |       |     1 |     4 |       ||     5
       Irradiate         |       |       |       |       |    60 |     7 ||    67
       Summon Forest     |       |       |       |       |     2 |       ||     2
Invok: Heroism           |       |       |       |       |     1 |     1 ||     2
       Finesse           |       |       |       |       |     1 |       ||     1
Evoke: Lightning rod     |       |       |       |     2 |     1 |       ||     3
       Wand              |       |       |       |     1 |     4 |       ||     5
  Use: Scroll            |       |     9 |     4 |     2 |     9 |     1 ||    25
       Potion            |       |       |     1 |       |    11 |       ||    12
 Stab: Distracted        |       |       |       |     1 |       |       ||     1
       Sleeping          |       |       |       |       |     3 |       ||     3
  Eat: Chunk             |     3 |    11 |    15 |    38 |    41 |     4 ||   112
       Ration            |       |       |     1 |     1 |     4 |     1 ||     7
Armor: Animal skin       |     5 |     1 |       |       |       |       ||     6
       Ring mail         |       |    28 |    38 |   103 |   200 |       ||   369
       Robe              |       |       |     5 |       |       |       ||     5
       Skin              |       |       |       |       |     8 |       ||     8
       Quicksilver drago |       |       |       |       |    96 |    37 ||   133
Dodge: Dodged            |    12 |    39 |    90 |   198 |   386 |    56 ||   781
       Deflected         |       |     2 |       |     6 |    30 |     6 ||    44
